[Event "13th All African Rapid-ch Men 2024"]
[Site "Accra"]
[Date "2024.03.10"]
[Round "1.1"]
[White "Wanyama, Harold"]
[Black "Amin, Bassem"]
[Result "0-1"]
[ECO "E72"]
[WhiteElo "2226"]
[BlackElo "2670"]
[Annotator "TA"]
[PlyCount "44"]
[EventDate "2024.03.07"]
[EventType "rapid"]
[EventCountry "GHA"]
[SourceTitle "playchess.com"]
[Source "ChessBase"]
[SourceQuality "1"]
[TimeControl "900+10"]

1. d4 Nf6 2. c4 g6 3. Nc3 Bg7 4. g3 O-O 5. Bg2 d6 6. e4 e5 7. Nf3 Nc6 {[%emt 0:00:15] Und ...exd4 würde nun gewinnen.} 8. d5 Nd4 9. h3 c5 {[%emt 0:00:04][%cal Ob7b5] Die Stellung ist ausgeglichen.} 10. dxc6 bxc6 11. c5 (11. Nxd4 exd4 12. Ne2 (12. Qxd4 $2 {geht unter.} Nxe4 13. Qxe4 Re8 $19) 12... Qa5+ 13. Bd2 Qb6 $19) (11. O-O $1 $11) 11... dxc5 $17 {[%emt 0:01:01] Schwarz steht aktiver.} 12. Nxe5 Ba6 {[%emt 0:01:28] Droht ...Re8 und aus.} 13. f4 $2 (13. Bf1 Bxf1 14. Kxf1) 13... Nh5 $19 14. Kf2 Bxe5 15. fxe5 f5 16. Bf1 fxe4+ 17. Kg2 {[%emt 0:00:01] [#]} Rf3 $1 18. Bf4 (18. Qe1 Rxg3+) 18... Nxf4+ 19. gxf4 {[%emt 0:00:01] [#]} Qh4 $1 20. Nxe4 Bxf1+ 21. Rxf1 Qxh3+ 22. Kg1 Qg4+ {[%emt 0:00:02] Weiß schien mit der Eröffnung nicht zurechtzukommen.   Gewichteter Fehlerwert: Weiß=1.55/Schwarz=0.14 (sehr präzise) .  Fehler:       	Weiß=2     	---        Ungenau:       	Weiß=1     	---        OK:         	Weiß=1     	Schwarz=6     Bester:       	---       	Schwarz=2} 0-1

[Event "13th All African Rapid-ch Men 2024"]
[Site "Accra"]
[Date "2024.03.10"]
[Round "1.2"]
[White "Silva, David"]
[Black "Rongwane, Gomolemo"]
[Result "1/2-1/2"]
[ECO "C50"]
[WhiteElo "2358"]
[BlackElo "2021"]
[Annotator "TA"]
[PlyCount "75"]
[EventDate "2024.03.07"]
[EventType "rapid"]
[EventCountry "GHA"]
[SourceTitle "playchess.com"]
[Source "ChessBase"]
[SourceQuality "1"]
[TimeControl "900+10"]

1. e4 e5 2. Nf3 Nc6 3. Bc4 Nf6 4. d3 Bc5 5. Nc3 h6 6. a3 a6 7. Be3 Ba7 8. O-O O-O 9. h3 d6 10. Nd5 Nxd5 11. Bxd5 Ne7 12. Ba2 Ng6 13. Bxa7 Rxa7 14. Qd2 Qf6 15. Qe3 Ra8 16. Kh2 $1 Nf4 17. Ng1 Be6 18. g3 Bxa2 19. Rxa2 Ne6 20. f4 exf4 21. gxf4 Qd4 22. Qxd4 Nxd4 23. f5 Rfe8 $36 {[%emt 0:00:21][%mdl 2048] White is under pressure.} 24. Raa1 {[%emt 0:01:12] [#]} (24. b4 $15) 24... d5 $1 $17 25. c3 Nb3 26. Rae1 dxe4 27. Rxe4 Rxe4 (27... Nd2 28. Rxe8+ Rxe8 29. Rf2) 28. dxe4 {[%emt 0:00:01][%mdl 4096] Endgame. [#] KRN-KRN} Re8 $1 29. Rd1 {[%emt 0:00:47] Repels Nd2} Nc5 $1 {[%emt 0:00:52] Wards off Rd7} 30. e5 (30. Kg2 $17 {keeps fighting.}) 30... Rxe5 $19 31. b4 Na4 $2 (31... Ne4 $19 32. Rd8+ Kh7) 32. Rd8+ $17 Kh7 33. Rd7 Nxc3 34. Rxc7 Nd5 35. Rxf7 Nf6 (35... Re7 $15 36. Rf8 Re3) 36. Rxb7 {[%emt 0:00:18] The position is equal.} Rxf5 37. Kg2 Rg5+ 38. Kf3 $2 {[%emt 0:01:26][%mdl 40960] Weighted Error Value: White=0.11 (very precise) /Black=0.09 (flawless) .  Loses game:     	White=1     	---        Missed win:     	---       	Black=1      Mistake:       	White=2     	Black=1      Inaccurate:     	White=1     	---        OK:         	White=7     	Black=11     Best:        	White=2     	Black=2      Strong:       	White=1     	Black=2     . An unexpected result.} (38. Kh2 $11 {and White is okay.}) 1/2-1/2

[Event "13th All African Rapid-ch Men 2024"]
[Site "Accra"]
[Date "2024.03.10"]
[Round "1.3"]
[White "Pereira, Sergio Murilo de Ara"]
[Black "Arab, Adlane"]
[Result "0-1"]
[ECO "B23"]
[WhiteElo "2115"]
[BlackElo "2477"]
[Annotator "TA"]
[PlyCount "96"]
[EventDate "2024.03.07"]
[EventType "rapid"]
[EventCountry "GHA"]
[SourceTitle "playchess.com"]
[Source "ChessBase"]
[SourceQuality "1"]
[TimeControl "900+10"]

1. e4 c5 2. Nc3 Nc6 3. Bb5 Nd4 4. Bc4 e6 5. Nge2 Nf6 6. O-O Nxe2+ (6... a6 $11) 7. Qxe2 d6 8. e5 (8. Rd1 {was preferrable.}) 8... dxe5 $11 9. Qxe5 a6 {[%emt 0:00:19] Against Nb5} 10. a4 Bd6 11. Qe2 O-O 12. Ne4 Nxe4 13. Qxe4 Rb8 14. Bd3 (14. a5 $11) 14... f5 $15 15. Qe2 e5 ({Better is} 15... Bd7 $15) 16. Bc4+ Kh8 17. b3 Bd7 18. Bb2 Qe7 (18... Qc7 $11) 19. Rae1 e4 20. f4 Bc6 (20... b5 $11 21. axb5 axb5) 21. a5 (21. Qh5 {looks sharper.} b5 22. axb5 axb5 23. Re3) 21... Qc7 22. Qh5 Bxf4 23. Be6 Be8 (23... Bxd2 24. Bxf5 Rxf5 25. Qxf5 $18) 24. Qh4 Bxd2 25. Bxf5 (25. Rxf5 $2 Bg6 (25... Bxe1 26. Rxf8#) 26. Ref1 Be3+ (26... Bxf5 $2 27. Bxf5 Be3+ 28. Kh1 $19) 27. Kh1 Bxf5 28. Bxf5 h6 $19 (28... Qxa5 29. Qxh7#)) (25. Re2 $5 c4 (25... Bxa5 $2 26. Bxf5 Rxf5 27. Rxf5 $18) (25... Qxa5 $2 26. Rxf5 $18) 26. Rxf5 $14 (26. Rxd2 c3 $11)) 25... Rxf5 26. Rxf5 {[%emt 0:00:08][%cal Rf5f8] [#]} Bg6 $36 {[%emt 0:00:00][%mdl 2048] Black has the initiative. Chess con chili.} 27. Re5 Bxe1 28. Qxe1 Rd8 29. h3 h6 30. Qg3 Kh7 31. Qc3 Rd1+ 32. Kh2 Qf7 (32... Rd5 $15) 33. Qe3 $1 $11 Rb1 34. Bc3 Rf1 35. Rxc5 Qe7 36. Re5 Qc7 37. Qg3 Rc1 38. Bd4 Rxc2 39. Re6 Qxg3+ 40. Kxg3 {[%emt 0:00:00][%mdl 4096] Endgame. Threatens to win with Re7. KRB-KRB} Rd2 41. Rd6 (41. Be3 $11 {remains equal.} Rd3 42. Kf4) 41... Bf7 (41... Rd3+ $17 42. Kh2 e3 (42... Rxb3 43. Rd7 $11)) 42. Rd7 Kg6 (42... Bxb3 43. Rxg7+ Kh8 44. Rxb7+ Rxd4 45. Rxb3) 43. b4 h5 44. Rd6+ $2 {[%emt 0:00:05][%mdl 8192] This move loses the game for White.} (44. Kf4 $11) 44... Kf5 $19 {[%emt 0:00:00][%cal Oh5h4] ...h4+! would now be deadly. Black is clearly winning.} 45. Rd7 Ke6 46. Rd8 {[%emt 0:00:06] [#]} Rd3+ $1 ({Avoid the trap} 46... Ke7 $2 47. Bf6+ Kxf6 48. Rxd2 $18) 47. Kf4 Ke7 48. Bf6+ gxf6 {[%emt 0:00:00] Weighted Error Value: White=0.36/Black=0.14 (very precise) .  Loses game:     	White=1     	---        Mistake:       	White=3     	Black=6      Inaccurate:     	White=5     	Black=2      OK:         	White=8     	Black=15     Best:        	White=4     	Black=6      Strong:       	White=1     	Black=1} 0-1

[Event "13th All African Rapid-ch Men 2024"]
[Site "Accra"]
[Date "2024.03.10"]
[Round "1.4"]
[White "Rakotomaharo, Fy Antenaina"]
[Black "Cogan, Nicolas"]
[Result "1-0"]
[ECO "A46"]
[WhiteElo "2454"]
[BlackElo "2070"]
[Annotator "TA"]
[PlyCount "72"]
[EventDate "2024.03.07"]
[EventType "rapid"]
[EventCountry "GHA"]
[SourceTitle "playchess.com"]
[Source "ChessBase"]
[SourceQuality "1"]
[TimeControl "900+10"]

1. d4 Nf6 2. Nf3 e6 3. Bg5 b6 4. e4 h6 5. Bxf6 Qxf6 6. Bd3 Bb7 7. c3 d6 8. Qe2 Nd7 9. Nbd2 {[%emt 0:00:56] White has an edge.} g5 10. e5 Qe7 11. exd6 cxd6 {[%emt 0:00:04] [#] And now ...g4 would win.} 12. Be4 Bxe4 13. Qxe4 d5 14. Qe2 Bg7 15. h3 Qd6 16. a4 a6 17. O-O O-O 18. Rfe1 Rfb8 19. h4 Qf4 20. hxg5 hxg5 21. Nf1 Bf6 22. Ng3 Qg4 (22... Be7 $11 {keeps the balance.}) 23. c4 $16 dxc4 (23... Qf4 $16) 24. Qxc4 (24. Qc2 $18 {Re4 would now be deadly.} Qf4 (24... Bxd4 $2 25. Nxd4 Qxd4 26. Rad1 $18) 25. Re4) 24... Rc8 25. Qd3 {[%emt 0:00:15] Hoping for Re4.} Rd8 $2 (25... Qf4 $16 {was necessary.} 26. Rad1 Be7) 26. Qb3 $2 (26. Re4 $18 {is more deadly.} Nc5 27. dxc5 Rxd3 28. Rxg4) 26... Qf4 {[%emt 0:00:40] [#] This move loses the game for Black.} (26... Bxd4 $16 {might work better.} 27. Re4 Qxg3 28. Rxd4 Qc7 (28... Nc5 $2 29. Qe3 $18)) 27. Re4 $1 $18 Qd6 28. Qe3 Nf8 29. Nh5 ({Less strong is} 29. Nxg5 Bxd4 30. Qf3 f5 $16) 29... Be7 (29... Qe7 30. Ne5 Bxe5 31. Rxe5 (31. dxe5 Ng6 $18) 31... Nh7) 30. Nxg5 {[%emt 0:00:43] aiming for Nf3. White is clearly winning.} f5 31. Rxe6 Nxe6 32. Nxe6 {[%emt 0:00:03][%cal Oe3h6] Excellent horsemanship.} Kf7 33. Nxd8+ Rxd8 34. Re1 {[%emt 0:00:26] Black must now prevent Qh3.} Rh8 35. Qf3 f4 36. Nxf4 {[%emt 0:01:39] Strongly threatening Nd5+.} Bf6 {[%emt 0:00:10] Weighted Error Value: White=0.34/Black=0.60.  Loses game:     	---       	Black=1      Missed win:     	White=1     	---        Mistake:       	White=1     	Black=4      Inaccurate:     	White=5     	Black=5      OK:         	White=3     	Black=6      Best:        	White=2     	Black=1      Strong:       	White=1     	---} 1-0

[Event "13th All African Rapid-ch Men 2024"]
[Site "Accra"]
[Date "2024.03.10"]
[Round "1.5"]
[White "Oluka Robert Mcligeyo"]
[Black "KIGIGHA, Bomo Lovet"]
[Result "0-1"]
[ECO "D13"]
[WhiteElo "2041"]
[BlackElo "2231"]
[Annotator "TA"]
[PlyCount "82"]
[EventDate "2024.03.07"]
[EventType "rapid"]
[EventCountry "GHA"]
[SourceTitle "playchess.com"]
[Source "ChessBase"]
[SourceQuality "1"]
[TimeControl "900+10"]

1. d4 d5 2. c4 c6 3. cxd5 cxd5 4. Nf3 Nf6 5. Nc3 a6 6. Bf4 Nc6 7. Rc1 Qb6 8. Na4 Qa5+ 9. Bd2 Qc7 (9... Qd8 $11) 10. e3 Nd7 11. Bd3 e6 $1 12. O-O Bd6 13. Qc2 h6 14. b4 O-O 15. b5 axb5 16. Bxb5 Ba3 17. Rb1 Nf6 18. Ne5 Ne4 19. Bb4 Bxb4 20. Rxb4 (20. Bxc6 $2 {too greedy.} Ba5 21. Nc5 Nxc5 (21... bxc6 $2 22. Nxe4 dxe4 23. Rfc1 $19) 22. Qxc5 bxc6 $19) 20... Qa5 21. Rb2 Nb4 (21... Nxe5 $5 22. dxe5 b6 $16) 22. Qb3 (22. Qe2 $14 {keeps the upper hand.}) 22... Qxb5 $17 23. Nc3 Nxc3 24. Qxc3 Ra4 25. a3 {[%emt 0:00:00][%cal Of1b1] [#]} Bd7 $1 26. Rxb4 $11 (26. Nxd7 Qxd7) 26... Rxb4 27. Qxb4 Qxb4 28. axb4 {[%emt 0:00:02][%mdl 4096] Endgame. KRB-KRN} Bb5 29. Rc1 f6 30. Ng6 Ra8 31. h3 {[%emt 0:00:16] [#]} (31. Rc8+ $11 Rxc8 32. Ne7+ Kf8 33. Nxc8) 31... Kf7 (31... Bc4 $1 $17 32. e4 Ra4 33. exd5 exd5 (33... Rxb4 $2 {loses.} 34. d6 $18) (33... Bxd5 34. Ne7+ Kh7 35. Nxd5 $11)) 32. Nf4 (32. Rc5 $1 $11 {keeps the balance.}) 32... Bc4 $17 33. Rb1 (33. g4 $142) 33... Ra2 34. h4 e5 35. dxe5 fxe5 36. Nh5 b5 37. Ng3 Ke6 38. Nf1 d4 39. exd4 (39. f3 $142) 39... exd4 $19 40. Rd1 Rb2 41. Nd2 (41. g3 $142) 41... Be2 {[%emt 0:00:18] Weighted Error Value: White=0.38/Black=0.15 (very precise) .  Mistake:       	White=6     	Black=3      Inaccurate:     	White=3     	Black=3      OK:         	White=10    	Black=18     Best:        	---       	Black=3      Strong:       	---       	Black=1} (41... Rxb4 42. Re1+ Kd6 43. Re8 $19) 0-1

[Event "13th All African Rapid-ch Men 2024"]
[Site "Accra"]
[Date "2024.03.10"]
[Round "1.7"]
[White "Ntamatungiro, Wilfried"]
[Black "Levitan, Caleb Levi"]
[Result "0-1"]
[ECO "B50"]
[WhiteElo "1905"]
[BlackElo "2235"]
[Annotator "TA"]
[PlyCount "122"]
[EventDate "2024.03.07"]
[EventType "rapid"]
[EventCountry "GHA"]
[SourceTitle "playchess.com"]
[Source "ChessBase"]
[SourceQuality "1"]
[TimeControl "900+10"]

1. e4 c5 2. c3 Nf6 3. Bd3 Nc6 4. Bc2 d6 5. h3 e5 6. Nf3 g6 7. O-O Bg7 8. Re1 O-O 9. d4 cxd4 10. cxd4 exd4 11. Nxd4 Nxd4 12. Qxd4 Ng4 13. Qd1 Ne5 14. Nc3 Be6 {[%emt 0:00:27] White has an edge.} (14... Qh4 {feels hotter.} 15. Nd5 Be6 16. Bf4 Rfc8) 15. Bb3 a5 16. Bd5 Qd7 17. Kh2 Rac8 18. Bf4 b5 19. Qd2 (19. Rc1 $11) 19... Bxh3 $17 (19... b4 20. Ne2 Bxd5 21. Qxd5) 20. Bxe5 (20. Rac1 $142) 20... Bxe5+ 21. f4 Bxc3 22. bxc3 Be6 23. f5 (23. Bxe6 $17 Qxe6 (23... fxe6 24. Rad1 $17) 24. a4) 23... Bxd5 $19 (23... gxf5 24. Qg5+ Kh8 25. Qf6+ Kg8 26. exf5 $18) 24. Qxd5 Rxc3 25. Rad1 Rd8 (25... Rc2 $19 {has better winning chances. Strongly threatening ...Qe7.} 26. Rf1 Qe7) 26. Rf1 (26. fxg6 $17 hxg6 27. e5) 26... Qe7 27. f6 Qe6 (27... Qe8 $19 {is more deadly. And now ...Rc5 would win.} 28. Qg5 Qf8 (28... Qxe4 $2 29. Rde1 $18)) 28. Qg5 {[%emt 0:00:47] [#] Qh6 is the strong threat.} Qe8 (28... Qxe4 $2 29. Rde1 $18) 29. Rf4 $2 (29. e5 $17 {was necessary.}) 29... Rc5 30. Rf5 Rxf5 (30... Qxe4 $2 {perishes.} 31. Rxc5 (31. Qh6 Qh4+ 32. Qxh4 Rxf5 $18) 31... h5 32. Re5 $18 (32. Rxb5 Rf8 $18)) 31. exf5 {[%emt 0:00:02][%mdl 4096] Endgame. KQR-KQR} Qe5+ 32. Kg1 Qxf5 33. Qh4 (33. Qxf5 {was the only chance.} gxf5 34. Rd5) 33... h5 34. Rf1 Qc5+ 35. Kh1 Re8 36. Qf4 Kh7 {[%emt 0:00:07] Prevents Qh6+} 37. Qf3 Qc4 {[%emt 0:00:19][%cal Oe8e1] [#] Threatens to win with ...Re1!} 38. Rd1 Qh4+ 39. Kg1 Re1+ 40. Rxe1 Qxe1+ {[%emt 0:00:02] KQ-KQ} 41. Kh2 Qe5+ 42. Kg1 b4 {[%emt 0:00:06] White must now prevent ...Qa1+.} 43. Qa8 Qd4+ 44. Kh1 Qa1+ 45. Kh2 Qxf6 {[%emt 0:00:03] ( -> ...Qe5+)} ({Worse is} 45... Qxa2 46. Qf8) 46. Qf8 a4 {[%emt 0:01:12] Black mates.} 47. Qb8 Qe5+ 48. Kh1 Qd4 49. Qc7 Qd5 50. Qc2 b3 51. axb3 axb3 52. Qb2 Qc4 53. Qf6 h4 54. Qb2 Qc2 55. Qf6 Qf5 56. Qb2 Qd5 57. Qf6 h3 58. Qh4+ Qh5 59. Qf2 hxg2+ 60. Kxg2 Qd5+ 61. Kg1 Qc5 {[%emt 0:00:01] Weighted Error Value: White=0.81/Black=0.21 (precise) .  Loses game:     	White=1     	---        Mistake:       	White=5     	Black=2      Inaccurate:     	White=2     	---        OK:         	White=6     	Black=12     Best:        	---       	Black=2} 0-1

[Event "13th All African Rapid-ch Men 2024"]
[Site "Accra"]
[Date "2024.03.10"]
[Round "1.8"]
[White "Asabri, Hussien"]
[Black "Fomevor, Cephas Clinton"]
[Result "1/2-1/2"]
[ECO "D15"]
[WhiteElo "2196"]
[BlackElo "1887"]
[Annotator "RC"]
[PlyCount "93"]
[EventDate "2024.03.07"]
[EventType "rapid"]
[EventCountry "GHA"]
[SourceTitle "playchess.com"]
[Source "ChessBase"]
[SourceQuality "1"]
[TimeControl "900+10"]

1. d4 d5 2. Nf3 Nf6 3. c4 c6 4. Nc3 a6 5. c5 Bf5 6. Qb3 Ra7 7. Bf4 e6 8. e3 Nbd7 9. h3 Be7 10. Be2 O-O 11. O-O Ne4 12. Rfc1 Re8 13. Qd1 Bf6 14. Bh2 e5 15. Nxe4 Bxe4 16. b4 exd4 17. exd4 Ra8 18. a4 Nf8 19. Ne5 Ng6 20. Nf3 h6 21. b5 axb5 22. axb5 Ra5 23. b6 Qa8 24. Bg3 Ne7 25. Ne5 Nf5 26. Bh2 Nh4 27. f3 Bh7 28. Qe1 Ra3 29. Bf4 Nf5 30. Qd1 g5 31. Bh2 Ne3 32. Qe1 Nf5 33. Bd3 Nxd4 34. Bxh7+ Kxh7 35. Qd1 Bxe5 36. Bxe5 Rxe5 37. Qxd4 Re6 38. Kh2 Qb8+ 39. Kh1 Rxa1 40. Rxa1 Qe8 41. Ra7 Re1+ 42. Kh2 Qb8+ 43. g3 Re2+ 44. Kh1 Qe8 45. Qd3+ Kg8 46. Rxb7 Re1+ 47. Kg2 1/2-1/2

[Event "13th All African Rapid-ch Men 2024"]
[Site "Accra"]
[Date "2024.03.10"]
[Round "1.9"]
[White "Frempong-Smart Daniel"]
[Black "Paiva, Donaldo"]
[Result "0-1"]
[ECO "D02"]
[WhiteElo "1877"]
[BlackElo "2172"]
[Annotator "RC"]
[PlyCount "92"]
[EventDate "2024.03.07"]
[EventType "rapid"]
[EventCountry "GHA"]
[SourceTitle "playchess.com"]
[Source "ChessBase"]
[SourceQuality "1"]
[TimeControl "900+10"]

1. d4 Nf6 2. Nf3 d5 3. g3 Bg4 4. Bg2 c6 5. O-O e6 6. Ne5 Bf5 7. c4 Nbd7 8. cxd5 exd5 9. Nxd7 Qxd7 10. Nc3 Be7 11. Bf4 O-O 12. a3 Rfe8 13. Re1 Bf8 14. b4 b5 15. Bg5 Ne4 16. Nxe4 Bxe4 17. Bxe4 Rxe4 18. Kg2 a5 19. Qd2 Qa7 20. Be3 axb4 21. axb4 Qxa1 22. Rxa1 Rxa1 23. Qc3 Ra6 24. f3 Re6 25. Kf2 Ra4 26. Bf4 Bxb4 27. Qc2 Bf8 28. e3 h6 29. h4 Ra3 30. g4 b4 31. Kg3 Ra5 32. e4 dxe4 33. fxe4 Ra3+ 34. Kg2 Rc3 35. Qb1 Rc4 36. Be3 c5 37. Qd3 Rc3 38. Qd2 Rxe4 39. Bf2 Rxg4+ 40. Kf1 cxd4 41. Bxd4 Rf3+ 42. Ke1 b3 43. Qe2 Rxd4 44. Qxf3 b2 45. Qf5 Ra4 46. Qc2 Ra1+ 0-1

[Event "13th All African Rapid-ch Men 2024"]
[Site "Accra"]
[Date "2024.03.10"]
[Round "1.10"]
[White "Zhemba, Jemusse"]
[Black "Pedro Manuel Envo Engonga Avom"]
[Result "1-0"]
[ECO "C01"]
[WhiteElo "2226"]
[BlackElo "1702"]
[Annotator "RC"]
[PlyCount "65"]
[EventDate "2024.03.07"]
[EventType "rapid"]
[EventCountry "GHA"]
[SourceTitle "playchess.com"]
[Source "ChessBase"]
[SourceQuality "1"]
[TimeControl "900+10"]

1. d4 d5 2. c4 e5 3. e3 exd4 4. exd4 Bb4+ 5. Nc3 Qe7+ 6. Be3 Nf6 7. h3 dxc4 8. Bxc4 O-O 9. Nf3 Ne4 10. O-O Nxc3 11. bxc3 Bxc3 12. Rb1 Ba5 13. Rb5 b6 14. Qd3 Ba6 15. Rh5 g6 16. Re5 Bxc4 17. Qxc4 Qd7 18. Bh6 Rc8 19. d5 Qd6 20. Qd4 f6 21. Re6 Qd7 22. Rxf6 c5 23. Qc4 b5 24. Qf4 Qe7 25. d6 Qe8 26. Rf8+ Qxf8 27. Bxf8 Rxf8 28. Qe4 Na6 29. a4 Nb4 30. Qe6+ Kg7 31. Qe5+ Kg8 32. Qxc5 Nd3 33. Qd5+ 1-0

[Event "13th All African Rapid-ch Men 2024"]
[Site "Accra"]
[Date "2024.03.10"]
[Round "2.1"]
[White "Amin, Bassem"]
[Black "Mwali, Chitumbo"]
[Result "1-0"]
[ECO "A43"]
[WhiteElo "2670"]
[BlackElo "2340"]
[Annotator "TA"]
[PlyCount "77"]
[EventDate "2024.03.07"]
[EventType "rapid"]
[EventCountry "GHA"]
[SourceTitle "playchess.com"]
[Source "ChessBase"]
[SourceQuality "1"]
[TimeControl "900+10"]

1. Nf3 Nf6 2. g3 g6 3. Bg2 Bg7 4. O-O O-O 5. d4 c5 6. d5 d6 7. Nc3 Na6 8. Re1 Nc7 9. a4 Rb8 10. e4 {[%emt 0:00:02] White is slightly better.} Bg4 11. h3 Bxf3 12. Qxf3 Nd7 13. Qe2 {[%emt 0:00:02] White is more active.} a6 14. a5 b5 15. axb6 Rxb6 16. Na4 Rb8 17. Ra2 Nb5 18. c3 Qc7 19. f4 c4 20. Be3 Rfe8 21. g4 e6 22. dxe6 Rxe6 23. g5 Rbe8 24. Qf2 (24. Raa1 $14) 24... Rb8 (24... Rxe4 $11 {remains equal.} 25. Bxe4 Rxe4) 25. Raa1 $16 Kh8 26. h4 f6 27. f5 Re7 {[%emt 0:00:20] [#]} 28. h5 fxg5 29. Bxg5 {[%emt 0:00:59] This pair of bishops is nice.} ({Reject} 29. hxg6 $6 Bf6 $11) 29... Bf6 30. Bxf6+ Nxf6 31. hxg6 hxg6 32. Qh4+ ({But not} 32. fxg6 Kg7 33. Rf1 Ng4 $11) 32... Kg7 33. Qg5 $36 {[%emt 0:00:01][%mdl 2048] White is in control.} Qa7+ (33... Nh7 $16 34. Qxg6+ Kh8) 34. Kf1 $18 Ng4 $2 (34... Rf8 35. Qxg6+ (35. fxg6 {leads to mate.} Nxe4+) 35... Kh8) 35. Qxg4 Rf8 36. Qg3 Kh8 37. Re2 Rg7 {[#]} 38. Qxg6 $4 Rfg8 $4 (38... Rxg6 $19 39. Rf2 Rg3) 39. Qh6+ {[%emt 0:00:17] Weighted Error Value: White=0.58/Black=0.26 (precise) .  Mistake:       	White=2     	Black=3      Inaccurate:     	White=3     	Black=4      OK:         	White=12    	Black=7      Best:        	White=3     	Black=1} 1-0

[Event "13th All African Rapid-ch Men 2024"]
[Site "Accra"]
[Date "2024.03.10"]
[Round "2.2"]
[White "Arab, Adlane"]
[Black "Zhemba, Jemusse"]
[Result "1-0"]
[ECO "E11"]
[WhiteElo "2477"]
[BlackElo "2226"]
[Annotator "RC"]
[PlyCount "117"]
[EventDate "2024.03.07"]
[EventType "rapid"]
[EventCountry "GHA"]
[SourceTitle "playchess.com"]
[Source "ChessBase"]
[SourceQuality "1"]
[TimeControl "900+10"]

1. d4 Nf6 2. c4 e6 3. Nf3 Bb4+ 4. Bd2 Qe7 5. g3 Nc6 6. Nc3 Bxc3 7. Bxc3 d5 8. Bg2 Ne4 9. Qb3 Nxc3 10. Qxc3 O-O 11. O-O a5 12. a3 a4 13. Rac1 Bd7 14. e3 Rfc8 15. cxd5 exd5 16. Qc5 Qxc5 17. Rxc5 Ne7 18. Ne5 Be6 19. Rfc1 c6 20. Nd3 Bf5 21. Nb4 Rd8 22. f3 Be6 23. R5c3 Nc8 24. Kf2 Nd6 25. Bf1 Re8 26. Nd3 Bf5 27. Nc5 Re7 28. b3 axb3 29. Rxb3 b5 30. g4 Bg6 31. a4 bxa4 32. Ra3 Rb8 33. Nxa4 Ra7 34. Rxc6 Nc4 35. Bxc4 dxc4 36. Rxc4 f5 37. Rac3 fxg4 38. Rc8+ Rxc8 39. Rxc8+ Kf7 40. Nc5 Bf5 41. Rb8 Ra2+ 42. Kg3 gxf3 43. Kxf3 Rxh2 44. e4 Bh3 45. d5 Rc2 46. Rb7+ Kf6 47. Rc7 Rd2 48. Ke3 Rd1 49. Nd3 Bf1 50. Rc6+ Kg5 51. Ne5 Bg2 52. Nd3 Bf1 53. Nb2 Re1+ 54. Kd4 Bg2 55. Re6 Re2 56. Nd3 h5 57. d6 Ra2 58. d7 Ra4+ 59. Ke3 1-0

[Event "13th All African Rapid-ch Men 2024"]
[Site "Accra"]
[Date "2024.03.10"]
[Round "2.3"]
[White "Levitan, Caleb Levi"]
[Black "Rakotomaharo, Fy Antenaina"]
[Result "1/2-1/2"]
[ECO "D00"]
[WhiteElo "2235"]
[BlackElo "2454"]
[Annotator "TA"]
[PlyCount "122"]
[EventDate "2024.03.07"]
[EventType "rapid"]
[EventCountry "GHA"]
[SourceTitle "playchess.com"]
[Source "ChessBase"]
[SourceQuality "1"]
[TimeControl "900+10"]

1. d4 Nf6 2. Bf4 d5 3. e3 Bf5 4. c4 e6 5. Nc3 Bb4 6. Nf3 {[%emt 0:00:01] D00: 1 d4 d5: Unusual lines.} O-O 7. Be2 Ne4 8. Qb3 c5 9. O-O Bxc3 $146 ({Predecessor:} 9... Nc6 10. cxd5 Na5 11. Qd1 Bxc3 12. bxc3 Nxc3 13. Qe1 Nxe2+ 14. Qxe2 Qxd5 15. Qb5 c4 {1-0 Kozak,A (2457)-Nesterov,A (2522) Titled Tuesday intern op 22nd Feb Early blitz 2022 (8)}) 10. bxc3 Nc6 11. cxd5 exd5 12. dxc5 Nxc5 13. Qb5 Ne4 14. Rac1 Qa5 {[%emt 0:01:42] [#]} 15. Nd4 (15. c4 $1 $16 Nc3 16. Rxc3 Qxc3 17. Qxb7 (17. cxd5 Ne7 $16)) 15... Qxb5 (15... Nxc3 $2 {is the wrong capture.} 16. Rxc3 (16. Qxb7 $2 {perishes.} Nxd4 17. Bh5 Nde2+ 18. Kh1 Qb6 $19) 16... Qxc3 17. Nxf5 $18) 16. Bxb5 Bd7 17. Bd3 Nc5 18. Be2 Na5 19. Rfd1 Ba4 20. Rd2 Ne4 21. Rd3 g6 22. f3 Nc5 23. Rd2 Nc4 24. Bxc4 dxc4 25. Rb1 Rfd8 26. e4 Nd3 27. Be3 b6 28. Ne2 Rd7 29. Nf4 Nxf4 30. Bxf4 Rxd2 31. Bxd2 Rd8 32. Rb2 f5 33. exf5 gxf5 34. Be3 Rd3 35. Bd4 b5 36. Kf2 a5 37. a3 $2 {[%emt 0:00:01][%mdl 8192] [#]} (37. Ke2 $11) 37... Bb3 $2 ({Black should try} 37... Rxd4 $1 $19 38. cxd4 c3) 38. Ke2 $14 Bd1+ 39. Ke1 Ba4 40. Rd2 Bb3 41. Rxd3 cxd3 42. Kd2 Bc4 43. Bb6 a4 44. Ke3 Kf7 45. Bc7 Ke6 46. Bf4 Kd5 47. Kd2 h5 48. h3 Kc5 49. g4 fxg4 50. fxg4 hxg4 51. hxg4 Kd5 52. g5 Ke4 53. Bd6 Bf7 54. Be7 (54. g6 Bxg6 55. Bf8 Kd5 $17) 54... Bg6 55. Bd6 Kd5 56. Be7 Ke6 57. Bc5 Be4 58. Bd4 Bg6 59. Bf6 Bf5 60. Bd4 Kd5 61. Bf6 Bg6 1/2-1/2